 Dungeon Crawl Stone Soup version 0.27.0-1-g7a089689b8 (webtiles) character file.

Game seed: 17942746435655659347

1281 Brandom the Caller (level 8, -1/66 HPs)
             Began as a Demigod Summoner on Aug 1, 2021.
             Slain by a two-headed ogre (12 damage)
             ... on level 5 of the Dungeon on Aug 5, 2021.
             The game lasted 00:19:41 (4831 turns).

Brandom the Caller (Demigod Summoner)               Turns: 4831, Time: 00:19:41

Health: -1/66      AC: 14    Str: 19    XL:     8   Next: 8%
Magic:  6/14       EV: 11    Int: 21    God:
Gold:   314        SH:  0    Dex: 14    Spells: 8/11 levels left

rFire    + . .     SeeInvis .   t - +1 trident
rCold    + . .     Faith    .   (no shield)
rNeg     . . .     Spirit   .   m - +0 scale mail
rPois    .         Reflect  .   i - +1 helmet
rElec    .         Harm     .   x - scarf {rC+ rF+}
rCorr    .         Rampage  .   A - +1 pair of gloves
Will     .....                  (no boots)
Stlth    +.........             e - amulet of regeneration
HPRegen  1.21/turn              j - +6 ring of strength
MPRegen  0.14/turn              y - +4 ring of protection

@: very slightly contaminated
A: high mp 1, forlorn
a: no special abilities


You were on level 5 of the Dungeon.
You visited 1 branch of the dungeon, and saw 5 of its levels.

You collected 314 gold pieces.

Inventory:

Hand Weapons
 h - a +0 short sword
   (You took it off a kobold on level 1 of the Dungeon)
 t - a +1 trident (weapon)
   (You took it off an orc on level 3 of the Dungeon)
 C - a +0 halberd
   (You took it off a gnoll on level 5 of the Dungeon)
Missiles
 D - a throwing net {!f}
Armour
 a - a +0 robe
 i - a +1 helmet (worn)
   (You found it on level 1 of the Dungeon)
 m - a +0 scale mail (worn)
   (You took it off an orc on level 2 of the Dungeon)
 x - a scarf of resistance (worn)
   (You found it on level 4 of the Dungeon)
 A - a +1 pair of gloves (worn)
   (You found it on level 5 of the Dungeon)
Magical Staves
 g - a staff of cold
   (You found it on level 1 of the Dungeon)
Jewellery
 e - an amulet of regeneration (around neck)
   (You found it on level 1 of the Dungeon)
 j - a +6 ring of strength (left hand)
   (You found it on level 1 of the Dungeon)
 u - a ring of willpower
   (You took it off a gnoll on level 3 of the Dungeon)
 y - a +4 ring of protection (right hand)
   (You found it on level 4 of the Dungeon)
 z - a ring of wizardry
   (You found it on level 4 of the Dungeon)
Scrolls
 b - 5 scrolls of teleportation {@r4}
 c - a scroll of noise {!r}
 d - a scroll of enchant weapon
 f - a scroll of enchant armour
 p - a scroll of holy word {unknown}
 q - a scroll of immolation {unknown}
 s - a scroll of amnesia {unknown}
 B - a scroll of fear {unknown}
 E - a scroll of identify {unknown}
Potions
 k - 3 potions of curing {unknown}
 l - a potion of haste {unknown}
 n - 3 potions of magic {unknown}
 o - 3 potions of brilliance {unknown}
 r - 2 potions of heal wounds {unknown}
 v - a potion of attraction {unknown}
 w - a potion of mutation {unknown}


   Skills:
 + Level 4.3 Fighting
 + Level 3.2(3.6) Polearms
 - Level 2.3(3.1) Staves
 + Level 4.8 Dodging
 - Level 2.1 Stealth
 - Level 2.0 Spellcasting
 + Level 5.8 Summonings


You had 8 spell levels left.
You knew the following spells:

 Your Spells              Type           Power      Damage    Failure   Level
a - Summon Small Mammal   Summ           100%       N/A       4%          1
b - Call Imp              Summ           26%        N/A       6%          2

Your spell library contained the following spells:

 Spells                   Type           Power      Damage    Failure   Level
 Call Canine Familiar     Summ           26%        N/A       13%         3
 Summon Guardian Golem    Hex/Summ       14%        N/A       38%         3
 Apportation              Tloc           4%         N/A       43%         1
 Ensorcelled Hibernation  Hex/Ice        4%         N/A       56%         2
 Spider Form              Tmut/Pois      1%         N/A       80%         3
 Summon Lightning Spire   Summ/Air       14%        N/A       80%         4
 Alistair's Intoxication  Tmut/Pois      1%         N/A       100%        5
 Invisibility             Hex            1%         N/A       100%        6
 Shadow Creatures         Summ           N/A        N/A       100%        6


Dungeon Overview and Level Annotations

Branches:
Dungeon (5/15)
 Temple: D:4-7


Innate Abilities, Weirdness & Mutations

Your attributes grow dramatically as you level up.
You have an increased reservoir of magic. (+10% MP)
You shall have no god before yourself.


Message History

You puncture the howler monkey skeleton!
The howler monkey skeleton closely misses you.
You hit the howler monkey skeleton.
You destroy the howler monkey skeleton!
No target in view!
No target in view!
No target in view!
No target in view!
No target in view!
No target in view!
No target in view!
No target in view!
No target in view!
No target in view!
No target in view!
No target in view!
No target in view!
No target in view!
No target in view!
E - a scroll labelled DUUHEW YFEYWE
Found 10 poisoned darts.
You now have 314 gold pieces (gained 13).
A two-headed ogre comes into view. It is wielding two +0 giant clubs.
The two-headed ogre shouts in stereo!
A beastly little devil appears in a puff of frigid air.
The two-headed ogre closely misses you.
The two-headed ogre hits you with a +0 giant club!
You miscast Call Imp.
You are very lightly contaminated with residual magic.
Nothing appears to happen.
The two-headed ogre barely misses you. x2
Your white imp hits the two-headed ogre but does no damage.
Unknown command.
A beastly little devil appears in a puff of flame.
Your white imp closely misses the two-headed ogre.
Unknown command.
You hit the two-headed ogre.
The two-headed ogre hits you but does no damage.
The two-headed ogre barely misses you.
Your crimson imp blinks!
Your white imp barely misses the two-headed ogre.
You hit the two-headed ogre.
The two-headed ogre hits you with a +0 giant club!
The two-headed ogre hits you with a +0 giant club!!
* * * LOW HITPOINT WARNING * * *
Your white imp closely misses the two-headed ogre.
A beastly little devil appears in a puff of flame.
The two-headed ogre hits you with a +0 giant club!!
* * * LOW HITPOINT WARNING * * *
The two-headed ogre hits you with a +0 giant club!
You die...

..###†..#.#..(### ###
.....###...###.. ....
.######
...#.#.#.#.#.#.#.(...
.......
.....##.#†#.##.....#
##.....
..###..#.#.#..###.###
######
#..(#.#.#.#...#...###
##.
###..#.#.#..###.....#
##..
.....##.#.#.##....5...#
###...
#..#.#.#.#.#.#.#@O>5$.#
#..... #.
..###...###...5.....#
#.#... #
###...#.#...###......#
#.##.. #.#.#.#.#.#
......# # ##. #
..###...# ......# ##
... ... ......# .. .##
###. ......# ... #. ##
......# ... .


You could see a two-headed ogre (ally target), 2 friendly crimson imps and a
friendly white imp (summoned).

Vanquished Creatures
  A necrophage (D:4)
  2 scorpions (D:5)
  A water moccasin zombie (D:5)
  A water moccasin skeleton (D:5)
  A howler monkey (D:5)
  3 jellies
  A centaur skeleton (D:5)
  A gnoll shaman (D:5)
  An orc priest (D:3)
  3 hounds
  A bullfrog skeleton (D:5)
  An orc wizard (D:3)
  3 iguanas (D:5)
  A hound skeleton (D:4)
  8 gnolls
  7 adders
  A howler monkey skeleton (D:5)
  2 ufetubi
  An adder zombie (D:5)
  2 worms
  7 orcs
  9 ball pythons
  6 bats
  3 endoplasms
  3 giant cockroaches
  4 goblins
  7 hobgoblins
  5 jackals
  3 quokkas
  4 frilled lizards
  2 kobolds
  6 rats
101 creatures vanquished.

Vanquished Creatures (collateral kills)
  2 ice beasts (D:3)
  An ogre (D:4)
  A scorpion (D:4)
  An orc priest (D:3)
  4 adders
  A worm (D:2)
  2 bats (D:1)
  3 endoplasms
  4 giant cockroaches
  A jackal (D:2)
  2 kobolds
  2 quokkas
  A ball python (D:1)
  A rat (D:2)
26 creatures vanquished.

Grand Total: 127 creatures vanquished

Notes
Turn   | Place    | Note
-------+----------+-------------------------------------------
     0 | D:1      | Brandom the Demigod Summoner began the quest for the Orb.
     0 | D:1      | Reached XP level 1. HP: 14/14 MP: 5/5
   336 | D:1      | You fall into a shaft and drop 1 floor!
  1119 | D:1      | Reached XP level 2. HP: 22/22 MP: 5/7
  1617 | D:2      | Learned a level 2 spell: Call Imp
  1707 | D:2      | Reached skill level 1 in Fighting
  1707 | D:2      | Reached XP level 3. HP: 16/28 MP: 8/8
  1944 | D:2      | Reached skill level 1 in Staves
  2148 | D:2      | Reached skill level 4 in Summonings
  2244 | D:3      | Noticed an ice beast
  2266 | D:3      | Killed an ice beast
  2267 | D:3      | Reached XP level 4. HP: 8/36 MP: 4/9
  2490 | D:3      | Reached XP level 5. HP: 32/41 MP: 7/10
  3021 | D:3      | Reached XP level 6. HP: 48/50 MP: 12/12
  3401 | D:3      | Reached skill level 1 in Polearms
  4047 | D:4      | Reached skill level 5 in Summonings
  4159 | D:4      | Reached XP level 7. HP: 36/57 MP: 13/13
  4237 | D:5      | Entered Level 5 of the Dungeon
  4741 | D:5      | Reached XP level 8. HP: 66/66 MP: 11/14
  4822 | D:5      | Noticed a two-headed ogre
  4831 | D:5      | Slain by a two-headed ogre

Illustrated notes

Levels and vault maps discovered:
D:1:      dpeg_arrival_arbitrary_b, layout_rooms,
          chequers_ecumenical_altar_grove
D:2:      layout_basic, basic_altar, kennysheep_generic_room_6
D:3:      layout_basic, mainiacjoe_overflow_big_doors, hangedman_feature_mirror,
          st_stairs_2, minivault_24, minmay_joined_circles
D:4:      layout_basic, serial_corexii_hall, corexii_hall_statues_i,
          chequers_hall_statues_wall_a, minmay_misc_feat_rows
D:5:      layout_cave_pods, lemuel_round_altar, nicolae_ru_awakened_eye,
          minmay_starry_boxes

Skill      XL: |  1  2  3  4  5  6  7 |
---------------+----------------------+-----
Stealth        | 2 |  2.1
Dodging        | 2 3 4 |  4.8
Spellcasting   | 2 |  2.0
Fighting       | 1 2 3 4 |  4.3
Staves         | 1 2 |  2.3
Summonings     | 4 5 |  5.8
Polearms       | 1 3 |  3.2

Action                   |  1- 3 |  4- 6 |  7- 9 || total
-------------------------+-------+-------+-------++-------
Melee: Unarmed           |    61 |       |       ||    61
       Staff             |   120 |   158 |       ||   278
       Trident           |       |   113 |   143 ||   256
 Cast: Summon Small Mamm |    32 |       |       ||    32
       Call Imp          |       |    15 |     5 ||    20
  Use: Scroll            |       |     3 |     1 ||     4
 Stab: Sleeping          |     6 |       |       ||     6
       Distracted        |     1 |     1 |       ||     2
Armor: Robe              |    68 |     3 |       ||    71
       Scale mail        |       |   118 |    68 ||   186
Dodge: Dodged            |   164 |   157 |   101 ||   422
